 Dungeon Crawl Stone Soup version 0.19-a0-1608-g4cf22de (webtiles) character file.

2146 Amnesiac the Prestidigitator (level 9, -2/59 HPs)
             Began as a Mummy Artificer on Sept 17, 2016.
             Was an Initiate of Gozag.
             Splashed by a gnoll's acid (12 damage)
             ... on level 6 of the Dungeon.
             The game lasted 00:11:58 (7409 turns).

Amnesiac the Prestidigitator (Mummy Artificer)      Turns: 7409, Time: 00:11:58

Health: -2/59      AC: -1    Str: 19    XL:     9   Next: 9%
Magic:  16/16      EV: 11    Int: 10    God:    Gozag
Gold:   116        SH:  5    Dex: 18    Spells: 0 memorised, 8 levels left

rFire  x . .     SeeInvis .     j - +1 dagger (elec)
rCold  + . .     Gourm    .     v - +0 leather armour (curse)
rNeg   + + +     Faith    .     w - +0 buckler
rPois  ∞         Spirit   .     z - +1 hat {MR+}
rElec  .         Dismiss  .     (no cloak)
rCorr  .         Reflect  .     y - +1 pair of gloves "Wodiem" {*Drain Str+3 Dex+3}
MR     ++...     Harm     .     k - +0 pair of boots
Stlth  ++........               (no amulet)
                                (no ring)
                                (no ring)

@: corroded
A: no food or potions, fire vulnerability, cold resistance 1, negative energy
resistance 3, torment resistance, unbreathing
a: Potion Petition, Call Merchant, Bribe Branch, Renounce Religion


You were on level 6 of the Dungeon.
You worshipped Gozag.
Gozag was aware of your devotion.
You were not hungry.

You visited 2 branches of the dungeon, and saw 7 of its levels.

You collected 668 gold pieces.
You spent 432 gold pieces at shops.
You paid 120 gold pieces to Gozag.

Inventory:

Hand Weapons
 j - a +1 dagger of electrocution (weapon)
 q - a +3 dire flail of venom
Armour
 k - a +0 pair of boots (worn)
 r - a +2 leather armour of poison resistance
 v - a cursed +0 leather armour (worn)
 w - a +0 buckler (worn)
 y - the +1 pair of gloves "Wodiem" (worn) {*Drain Str+3 Dex+3}
   (You bought it in a shop on level 6 of the Dungeon)

   It affects your strength (+3).
   It affects your dexterity (+3).
   It causes draining when unequipped.
 z - a +1 hat of magic resistance (worn)
Wands
 c - a wand of flame (0/48)
 d - a wand of enslavement (13/24)
 e - a wand of random effects (0/48)
 n - a wand of flame (0/48)
Scrolls
 a - 3 scrolls of fog
 f - a scroll of enchant armour {unknown}
 i - 2 scrolls of teleportation
 m - a scroll of random uselessness {unknown}
 o - a scroll of noise
 p - a scroll of blinking {unknown}
 s - a scroll of enchant weapon
 t - a scroll of remove curse
 u - 2 scrolls of magic mapping
 x - a scroll of amnesia {unknown}


   Skills:
 - Level 1.0 Fighting
 - Level 0.7 Short Blades
 - Level 1.5 Dodging
 - Level 0.7 Stealth
 + Level 1.9 Shields
 - Level 10.1 Evocations


You had 8 spell levels left.
You didn't know any spells.

Dungeon Overview and Level Annotations

Branches:
Dungeon (6/15)             Temple (1/1) D:6

Altars:
Ashenzari
Cheibriados
Dithmenos
Elyvilon
Fedhas
Gozag
Hepliaklqana
Kikubaaqudgha
Makhleb
Nemelex Xobeh
Okawaru
Qazlal
Ru
Sif Muna
Trog
Uskayaw
Vehumet
Xom
Yredelemnul
Zin
The Shining One

Shops:
D:6 %[:


Innate Abilities, Weirdness & Mutations

You do not eat or drink.
Your flesh is vulnerable to fire.
You are immune to poison.
Your flesh is cold resistant. (rC+)
You are immune to negative energy. (rN+++)
You are immune to unholy pain and torment.
You can survive without breathing.


Message History

No target in view!
You now have 116 gold pieces (gained 4).
Things that are here:
a spear; a whip
There is a stone staircase leading down here.
You start resting.
HP restored.
You climb downwards.
The gnoll zaps a wand.
The bolt of acid hits you! The acid corrodes you!
The acid burns!
The iguana bites you but does no damage.
The gnoll zaps a wand.
The bolt of acid misses you.
There is a stone staircase leading up here.
You closely miss the gnoll. You block the iguana's attack.
You block the gnoll's attack.
You barely miss the gnoll. The iguana barely misses you.
The gnoll zaps a wand.
The bolt of acid hits you!
* * * LOW HITPOINT WARNING * * *
The acid corrodes you!
The acid burns!
You die...
Your body crumbles into a pile of gold.

#.#.....#............# #.#
#.#####.#..########..# #.#
#.......#..# #..#.#.#
#########..### ####..#.#.###
#.........# #.....#.....#
#.........###(...####.#.#####
#...............g.lg........#
#.........###.#######....##.#
#.........###@...........##.#
#............gl....#.%...##.#
#.........########.#.....##l#
########### #.#.....##.#
#.#.#.#..#g## #.#...>......
#.###.#..#### #.#...#.$....
#.#.###..<###


You could see an iguana and a gnoll.

Vanquished Creatures
  Pikel (D:4)
  Grinder (D:5)
  Edmund (D:5)
  An orc warrior (D:6)
  A sky beast (D:5)
  A necrophage (D:4)
  A centaur (D:5)
  2 ogres (D:5)
  A phantom (D:5)
  A bullfrog (D:6)
  A howler monkey (D:4)
  4 crimson imps (D:5)
  2 hounds
  4 jellies
  An orc priest (D:3)
  Jessica (D:4)
  3 iguanas
  7 worker ants
  2 gnolls (D:5)
  6 adders
  A howler monkey skeleton (D:5)
  A shadow imp (D:5)
  3 worms
  4 dart slugs
  2 leopard geckos
  10 orcs
  10 bats
  5 giant cockroaches
  6 goblins
  14 hobgoblins
  5 jackals
  2 quokkas
  A ball python (D:3)
  6 frilled lizards
  4 kobolds
  A leopard gecko skeleton (D:3)
  11 rats
128 creatures vanquished.

Vanquished Creatures (others)
  A gnoll (D:6)
  A jackal (D:4)
2 creatures vanquished.

Grand Total: 130 creatures vanquished

Notes
Turn   | Place    | Note
-------+----------+-------------------------------------------
     0 | D:1      | Amnesiac the Mummy Artificer began the quest for the Orb.
     0 | D:1      | Reached XP level 1. HP: 15/15 MP: 2/2
    49 | D:1      | Reached XP level 2. HP: 6/21 MP: 4/4
   289 | D:1      | Reached skill level 3 in Evocations
   804 | D:2      | Reached XP level 3. HP: 26/26 MP: 5/5
   917 | D:3      | Reached skill level 4 in Evocations
   917 | D:3      | Reached XP level 4. HP: 32/32 MP: 5/7
  1062 | D:3      | Reached XP level 5. HP: 13/37 MP: 8/8
  1065 | D:3      | Reached skill level 5 in Evocations
  1281 | D:4      | Found a sacrificial altar of Ru.
  1283 | D:4      | Found an iron altar of Okawaru.
  1284 | D:4      | Found a hazy altar of Hepliaklqana.
  1284 | D:4      | Found an ancient bone altar of Kikubaaqudgha.
  1288 | D:4      | Found a stormy altar of Qazlal.
  1288 | D:4      | Found a shadowy altar of Dithmenos.
  1289 | D:4      | Found a basalt altar of Yredelemnul.
  1304 | D:4      | Noticed a necrophage
  1316 | D:4      | Killed a necrophage
  1509 | D:4      | Noticed Jessica
  1511 | D:4      | Killed Jessica
  1511 | D:4      | Reached XP level 6. HP: 43/43 MP: 10/10
  1517 | D:4      | Found a deep blue altar of Sif Muna.
  1602 | D:4      | Noticed a slave
  1606 | D:4      | Noticed Pikel
  1607 | D:4      | Noticed a slave
  1608 | D:4      | Noticed a slave
  1612 | D:4      | Noticed a slave
  1640 | D:4      | Killed Pikel
  1640 | D:4      | Reached skill level 7 in Evocations
  1640 | D:4      | Reached XP level 7. HP: 32/48 MP: 10/12
  1772 | D:5      | Entered Level 5 of the Dungeon
  2339 | D:5      | Reached skill level 8 in Evocations
  2527 | D:5      | Reached XP level 8. HP: 54/54 MP: 14/14
  2548 | D:5      | Found a bloodstained altar of Trog.
  2831 | D:5      | Found a burning altar of Makhleb.
  2831 | D:5      | Found a radiant altar of Vehumet.
  3299 | D:5      | Noticed Edmund
  3315 | D:5      | Killed Edmund
  3339 | D:5      | Reached skill level 9 in Evocations
  3496 | D:5      | Noticed Grinder
  3511 | D:5      | Killed Grinder
  4173 | D:6      | Found Bamoug's Food Shop.
  4183 | D:6      | Found Nommoi's Book Shoppe.
  4284 | D:6      | Reached skill level 10 in Evocations
  4300 | D:6      | Found a staircase to the Ecumenical Temple.
  4390 | Temple   | Entered the Ecumenical Temple
  4559 | Temple   | Became a worshipper of Gozag Ym Sagoz the Greedy
  4886 | D:3      | Found a sacrificial altar of Ru.
  5321 | D:2      | Reached XP level 9. HP: 42/59 MP: 16/16
  5965 | D:2      | Found a shimmering altar of Xom.
  5987 | D:2      | Reached skill level 1 in Shields
  6862 | D:6      | Found Ujoinadd's Book Shoppe.
  6873 | D:6      | Found Yrhenuel's Antique Armour Shoppe.
  6904 | D:6      | Bought a pair of slimy gloves for 304 gold pieces
  6904 | D:6      | Bought a glowing hat for 128 gold pieces
  6919 | D:6      | Identified the +1 pair of gloves "Wodiem" {*Drain Str+3 Dex+3} (You bought it in a shop on level 6 of the Dungeon)
  7056 | D:5      | HP: 2/59 [gnoll/whip (6)]
  7409 | D:6      | Splashed by a gnoll's acid

Vault maps used:
D:1:      lightli_arrival_boilingwater, minivault_5
D:2:      dk_xom_monty_hall
D:3:      nicolae_ru_sacrificial_ziggurat
D:4:      grunt_temple_overflow_open, first_bread, tgw_sif, uniq_pikel
D:5:      grunt_temple_overflow_lords_of_destruction, lemuel_tele_altar,
          uniq_edmund, uniq_grinder
D:6:      serial_shops, shop, nicolae_shop_waterfront, shop, shop_scrolls, shop
Temple:   chequers_temple_sunken

Skill      XL: |  1  2  3  4  5  6  7  8  9 |
---------------+----------------------------+-----
Evocations     | 3 4 5 7 8 10 | 10.1
Shields        | 1 |  1.9
Fighting       | |  1.0
Short Blades   | |  0.7
Dodging        | |  1.5
Stealth        | |  0.7

Action                   |  1- 3 |  4- 6 |  7- 9 || total
-------------------------+-------+-------+-------++-------
Melee: Short sword       |    87 |     1 |       ||    88
       Dagger            |       |    91 |   370 ||   461
       Dire flail        |       |       |    17 ||    17
Evoke: Wand              |     2 |    13 |    17 ||    32
  Use: Scroll            |       |       |     6 ||     6
Armor: Leather armour    |    29 |       |    53 ||    82
       Scale mail        |     5 |    43 |    97 ||   145
Dodge: Dodged            |    53 |    49 |   178 ||   280
Block: Buckler           |       |       |    18 ||    18
